 Dungeon Crawl Stone Soup version 0.17-a0-1562-g9b2c768 (webtiles) character file.

6540 ololoev the Reanimator (level 10, 0/63 HPs)
             Began as a Vampire Necromancer on July 20, 2015.
             Was a High Priest of Ru.
             Slain by a spiny frog (13 damage)
             ... on level 2 of the Lair of Beasts.
             The game lasted 00:50:38 (10469 turns).

ololoev the Reanimator (Vampire Necromancer)       Turns: 10469, Time: 00:50:38

Health: 0/63       AC: 17    Str: 10    XL:     10   Next: 70%
Magic:  14/14      EV:  5    Int: 19    God:    Ru [*****.]
Gold:   141        SH:  0    Dex: 16    Spells: 3 memorised, 8 levels left

rFire  x . .     SeeInvis +     t - +0 dagger (venom)
rCold  . . .     Clarity  .     A - +1 chain mail of Mental Paralysis {+Inv rPois rC+ SInv}
rNeg   . . .     SustAt   .     (no shield)
rPois  +         Gourm    .     (no helmet)
rElec  .         Spirit   .     k - +2 cloak {+Inv}
rCorr  .         Warding  .     (no gloves)
rMut   .         Stasis   .     d - +1 pair of boots
MR     +....                    (no amulet)
Stlth  ..........               i - +4 ring of slaying
                                (no ring)

@: lethally poisoned (0 -> -4), regenerating quickly, somewhat resistant to
hostile enchantments, extremely unstealthy
A: fangs 3, see invisible, strong 1, unbreathing, hated by all, no conjurations
magic, no hexes magic, no ice magic, temperature sensitive
a: Draw Out Power, Power Leap, Apocalypse, Renounce Religion, Evoke Invisibility


Innate Abilities, Weirdness & Mutations

Your natural rate of healing is unusually fast.
You have razor-sharp teeth.
You have supernaturally acute eyesight.
You can survive without breathing.
You are hated by all.
You cannot study or cast Conjurations magic.
You cannot study or cast Hexes magic.
You cannot study or cast Ice magic.
You are sensitive to extremes of temperature (rF-, rC-).
Your muscles are strong. (Str +2)

Inventory:

Hand weapons
 a - the +4 mace "Sular" {crush, Int+6}
   (You found it on level 5 of the Dungeon)

   It inflicts extra damage upon your enemies.
   It affects your intelligence (+6).
 b - a +6 blowgun
 t - a +0 dagger of venom (weapon)
Missiles
 l - 6 curare-tipped needles
 o - 5 poisoned needles
 p - a throwing net (quivered)
Armour
 d - a +1 pair of boots (worn)
 f - a +1 robe
 k - a +2 cloak of invisibility (worn)
 A - the +1 chain mail of Mental Paralysis (worn) {+Inv rPois rC+ SInv}
   (You bought it in a shop on level 9 of the Dungeon)

   It protects you from cold.
   It protects you from poison.
   It lets you see invisible.
   It lets you turn invisible.
Jewellery
 c - an uncursed ring of fire
 i - a +4 ring of slaying (right hand)
Magical devices
 q - a wand of cold (10)
 z - a wand of paralysis (10)
 B - a wand of paralysis (12)
Scrolls
 j - 3 scrolls of teleportation
 r - 2 scrolls of amnesia
 x - a scroll of remove curse
 y - 2 scrolls of recharging
Potions
 e - a potion of curing
 g - 3 potions of cure mutation
 h - a potion of resistance
 m - 2 potions of flight
Books
 n - a book of Necromancy

   Spells                             Type                      Level
   a - Pain                           Necromancy                   1
   b - Animate Skeleton               Necromancy                   1
   c - Vampiric Draining              Necromancy                   3
   d - Regeneration                   Charms/Necromancy            3
   e - Animate Dead                   Necromancy                   4
   f - Control Undead                 Necromancy                   4


   Skills:
 + Level 5.5 Short Blades
 + Level 6.0 Throwing
 * Level 6.8 Armour
 - Level 2.1 Dodging
 - Level 4.0 Stealth
 - Level 3.0 Spellcasting
 + Level 10.9 Necromancy
 - Level 4.1 Evocations


You had 8 spell levels left.
You knew the following spells:

 Your Spells              Type           Power        Failure   Level  Hunger
a - Pain                  Necr           ####         10%         1    None
b - Vampiric Draining     Necr           #####.....   24%         3    ###....
c - Regeneration          Chrm/Necr      ###.......   99%         3    ###....


You were on level 2 of the Lair of Beasts.
You worshipped Ru.
Ru was extremely pleased with you.
You were full.

You visited 2 branches of the dungeon, and saw 12 of its levels.

You collected 568 gold pieces.
You spent 427 gold pieces at shops.

.................#
...............#.##
..............##.#
...............####
..#.........#.P#
≈≈..≈#.....#.#..###
≈≈≈≈≈..#...........##
≈≈≈≈≈≈......#F#.#....##
≈.≈≈≈≈.##....#@######.#
≈>≈≈≈≈≈.....#### ###
≈≈≈≈≈≈......#
≈≈≈≈≈≈≈..F[##
≈≈≈≈≈≈.....#
≈≈≈≈≈....P##
.≈≈.....P## ..).....##
..=.....#

Notes
Turn   | Place    | Note
--------------------------------------------------------------
     0 | D:1      | ololoev the Vampire Necromancer began the quest for the Orb.
     0 | D:1      | Reached XP level 1. HP: 13/13 MP: 3/3
   281 | D:1      | Reached XP level 2. HP: 19/19 MP: 5/5
   749 | D:2      | Reached skill level 5 in Necromancy
   849 | D:2      | Reached XP level 3. HP: 24/24 MP: 2/6
   854 | D:2      | Learned a level 3 spell: Vampiric Draining
   957 | D:2      | Found a sacrificial altar of Ru.
   961 | D:2      | Became a worshipper of Ru the Awakened
  1663 | D:3      | Reached skill level 1 in Evocations
  1799 | D:3      | Reached XP level 4. HP: 30/30 MP: 4/8
  2178 | D:3      | Reached XP level 5. HP: 35/35 MP: 9/9
  2522 | D:3      | Reached skill level 6 in Necromancy
  2851 | D:3      | Noticed Jessica
  2856 | D:3      | Killed Jessica
  2966 | D:3      | Found an iron altar of Okawaru.
  2967 | D:3      | Found a blossoming altar of Fedhas.
  3275 | D:4      | Gained mutation: You cannot study or cast Ice magic. [Ru sacrifice]
  3275 | D:4      | Gained mutation: You cannot study or cast Hexes magic. [Ru sacrifice]
  3275 | D:4      | Gained mutation: You cannot study or cast Conjurations magic. [Ru sacrifice]
  3275 | D:4      | Acquired Ru's first power
  3307 | D:4      | Reached skill level 1 in Throwing
  3307 | D:4      | Reached XP level 6. HP: 41/41 MP: 10/10
  3346 | D:4      | Learned a level 3 spell: Regeneration
  3494 | D:4      | Noticed an ogre
  3520 | D:4      | Killed an ogre
  3520 | D:4      | Reached skill level 7 in Necromancy
  3585 | D:4      | Reached XP level 7. HP: 26/46 MP: 4/11
  3877 | D:4      | Found a staircase to the Ecumenical Temple.
  4415 | D:5      | Entered Level 5 of the Dungeon
  4514 | D:5      | Reached skill level 8 in Necromancy
  4567 | D:5      | Got an iridescent mace
  4568 | D:5      | Identified the +4 mace "Sular" {crush, Int+6} (You found it on level 5 of the Dungeon)
  4737 | D:5      | Found a shimmering altar of Xom.
  5056 | D:5      | Found a radiant altar of Vehumet.
  5208 | D:6      | Gained mutation: Your muscles are strong. (Str +2) [mutagenic glow]
  5386 | D:6      | Reached XP level 8. HP: 47/52 MP: 12/12
  5829 | D:6      | Got an ancient chain mail
  5846 | D:6      | Found a glowing golden altar of the Shining One.
  5846 | D:6      | Noticed an angel
  5847 | D:6      | Found a runed door.
  5874 | D:6      | Identified the +4 chain mail "Gacacobu" {rC+ Int-2 Slay+3} (You found it on level 6 of the Dungeon)
  6019 | D:6      | Reached skill level 1 in Short Blades
  6019 | D:6      | Reached skill level 9 in Necromancy
  6032 | D:6      | Gained mutation: You are sensitive to extremes of temperature (rF-, rC-). [Ru sacrifice]
  6032 | D:6      | Acquired Ru's second power
  6032 | D:6      | Acquired Ru's third power
  6032 | D:6      | Acquired Ru's fourth power
  6097 | D:6      | Found Cuttyov's Jewellery Shoppe.
  6772 | D:7      | Noticed Prince Ribbit
  6810 | D:7      | Killed Prince Ribbit
  7295 | D:8      | Found a blossoming altar of Fedhas.
  7370 | D:8      | Reached XP level 9. HP: 37/57 MP: 13/13
  7598 | D:8      | Found Wuafy's Jewellery Emporium.
  7789 | D:9      | Found Waottas's Armour Emporium.
  7792 | D:9      | Bought the +1 chain mail of Mental Paralysis {+Inv rPois rC+ SInv} for 427 gold pieces
  8046 | D:9      | Found a glowing golden altar of the Shining One.
  8286 | D:9      | Gained mutation: You are hated by all. [Ru sacrifice]
  8286 | D:9      | Acquired Ru's fifth power
  8336 | D:9      | Found a staircase to the Lair.
  8509 | D:10     | Entered Level 10 of the Dungeon
  8526 | D:10     | Reached skill level 10 in Necromancy
  8532 | D:10     | Reached skill level 5 in Throwing
  8538 | D:10     | Reached skill level 5 in Armour
  8711 | D:10     | Found a staircase to the Orcish Mines.
  8767 | D:10     | Reached XP level 10. HP: 44/63 MP: 14/14
  9088 | D:10     | Noticed a six-headed hydra
  9127 | Lair:1   | Entered Level 1 of the Lair of Beasts
  9263 | Lair:1   | Noticed a black mamba
  9284 | Lair:1   | Killed a black mamba
  9622 | Lair:1   | Noticed Sonja
  9636 | Lair:1   | Killed Sonja
  9636 | Lair:1   | Reached skill level 5 in Short Blades
 10029 | Lair:1   | Found a blossoming altar of Fedhas.
 10040 | Lair:1   | Noticed an oklob plant
 10469 | Lair:2   | Slain by a spiny frog

Dungeon Overview and Level Annotations

Branches:
Dungeon (10/15)            Temple (0/1) D:4            Lair (2/8) D:9
    Orc (0/4) D:10

Altars:
Fedhas
Okawaru
Ru
Vehumet
Xom
The Shining One

Shops:
D:6 =   D:8 =   D:9 [

Annotations:
D:6 1 runed door
Lair:1 exclusion: oklob plant


Message History

The spiny frog stings you!!
You closely miss the spiny frog. You hit the spiny frog.
The spiny frog is lightly wounded.
The spiny frog stings you but does no damage.
You hit the spiny frog. You bite the spiny frog.
You draw the spiny frog's blood!
You feel better.
You feel slightly more full.
The spiny frog is moderately wounded.
The spiny frog stings you!
You are poisoned.
The spiny frog poisons you!
You hit the spiny frog but do no damage.
The spiny frog is moderately wounded.
You feel sick.
The spiny frog stings you but does no damage.
You closely miss the spiny frog.
The spiny frog is moderately wounded.
You hear the steady crackling of a very distant melting archway.
You feel sick. The spiny frog barely misses you.
You hit the spiny frog.
The spiny frog is moderately wounded.
You feel sick. The spiny frog stings you!
You hit the spiny frog.
The spiny frog is heavily wounded.
You feel sick.
The spiny frog stings you but does no damage.
You hit the spiny frog.
The spiny frog is heavily wounded.
You hit the spiny frog but do no damage.
The spiny frog is poisoned.
The spiny frog is heavily wounded.
You feel sick. The spiny frog barely misses you.
You hit the spiny frog but do no damage.
The spiny frog is heavily wounded.
You feel sick. The spiny frog stings you!
You hit the spiny frog.
You bite the spiny frog, but do no damage.
The spiny frog is severely wounded.
The spiny frog stings you!
You die...

You could see a spiny frog.

Vanquished Creatures
  Sonja (Lair:1)
  A black mamba (Lair:1)
  A spiny frog (Lair:1)
  Prince Ribbit (D:7)
  9 yaks (D:10)
  2 hippogriffs (Lair:1)
  A water moccasin (Lair:2)
  A wasp (D:10)
  3 ogres
  A phantom (D:10)
  A black bear (D:9)
  An orc warrior (D:10)
  4 centaurs
  3 crocodiles
  A necrophage (D:6)
  8 giant frogs
  A gnoll sergeant (D:5)
  A scorpion (D:9)
  6 killer bees (D:8)
  6 orc priests
  3 crimson imps
  A giant frog skeleton (D:6)
  A gnoll shaman (D:6)
  A quasit (D:8)
  A centaur skeleton (D:4)
  2 hounds
  12 orc wizards
  Jessica (D:3)
  7 worker ants
  5 iguanas
  A killer bee zombie (D:6)
  A hound skeleton (D:4)
  2 worker ant zombies
  7 gnolls
  9 adders
  A shadow imp (D:6)
  An ooze (D:3)
  An adder zombie (D:9)
  An adder skeleton (D:5)
  4 worms
  27 orcs
  9 bats
  2 bat zombies
  3 giant cockroaches
  10 goblins
  12 hobgoblins
  9 jackals
  4 quokkas
  2 giant geckos
  A giant gecko skeleton (D:4)
  4 giant newts
  13 kobolds
  A quokka skeleton (D:5)
  10 rats
  A fungus (D:9)
223 creatures vanquished.

Vanquished Creatures (others)
  An orc warrior (D:9)
  An orc wizard (D:10)
  A giant gecko (D:6)
  An orc (D:9)
4 creatures vanquished.

Grand Total: 227 creatures vanquished

Action                   |  1- 3 |  4- 6 |  7- 9 | 10-12 || total
-------------------------+-------+-------+-------+-------++-------
Melee: Dagger            |   182 |    18 |    96 |    31 ||   327
       Mace              |       |       |   237 |   115 ||   352
 Fire: Blowgun           |       |   110 |   124 |    15 ||   249
Throw: Throwing net      |       |       |     1 |       ||     1
 Cast: Pain              |    25 |       |     1 |       ||    26
       Vampiric Draining |     5 |     1 |     8 |     2 ||    16
Invok: Sacrifice Arcana  |       |     1 |       |       ||     1
       Sacrifice Resista |       |       |     1 |       ||     1
       Sacrifice Love    |       |       |     1 |       ||     1
       Draw Out Power    |       |       |       |     1 ||     1
       Reject Sacrifices |       |       |       |     1 ||     1
 Abil: Evoke Invisibilit |     6 |     4 |     6 |     1 ||    17
  Use: Potion            |     1 |       |     2 |     5 ||     8
       Scroll            |     1 |     6 |    12 |     2 ||    21
 Stab: Sleeping          |     9 |    19 |    12 |       ||    40
       Invisible         |     5 |     3 |     6 |     3 ||    17
       Distracted        |       |     2 |     8 |       ||    10
  Eat: Corpse            |    18 |    13 |    27 |     9 ||    67

Vault maps used:
D:1:      dpeg_arrival_tiny_j, serial_bayou_ford_a
D:2:      lemuel_crystal_altar
D:3:      amethyst_overflow_temple_binary, first_bread, uniq_jessica
D:4:      temple_hall, minmay_box_of_dots
D:5:      vehumet_altar_wand_db, xom_teletrap_fun
D:6:      serial_shops, shop, lemuel_angel_altar
D:7:      serial_curves, eino_curves_03, eino_curves_04, uniq_prince_ribbit1
D:8:      due_megacathedral, zin_statuary, serial_shops, shop,
          hangedman_tree_tricks, eino_small_chamber_without_monster,
          wad_mini_maze, uniq_maurice
D:9:      nicolae_tso_carved_into_rock, dpeg_oklobed_lair, serial_shops,
          nicolae_shop_behind_doors
D:10:     lemuel_flame_loot_2, hiddenorc2_lemuel
Lair:1:   tgw_fedhas, uniq_sonja
Lair:2:   portal_ice_cave_entry_ice_beasts, grunt_megastairs_4,
          infiniplex_staircase_pool_2
